 Dungeon Crawl Stone Soup version 0.15-b1-91-gafc2b96 (webtiles) character file.

113 Deathcrow the Shooter (level 4, 0/36 HPs)
             Began as a Centaur Hunter on Aug 18, 2014.
             Slain by Prince Ribbit (2 damage)
             ... on Level 4 of the Dungeon.
             The game lasted 00:16:53 (2862 turns).

Deathcrow the Shooter (Centaur Hunter)              Turns: 2862, Time: 00:16:53

HP   0/36        AC  4     Str 14      XL: 4   Next: 65%
MP   3/3         EV  9     Int 10      God:
Gold 161         SH  0     Dex 11      Spells:  0 memorised,  3 levels left

rFire  . . .     SeeInvis .     b - +1 shortbow
rCold  . . .     Clarity  .     d - +0 leather armour
rNeg   . . .     rCorr    .     (no shield)
rPois  .         rRot     .     (no helmet)
rElec  .         Spirit   .     (no cloak)
SustAb .         Warding  .     (no gloves)
rMut   .         Stasis   .     (no barding)
Gourm  .                        (no amulet)
MR     .....                    (no ring)
                                (no ring)

@: very quick, not resistant to hostile enchantments, very unstealthy
A: hooves 3, deformed body, speed 2, tough skin 3
a: no special abilities


You were on level 4 of the Dungeon.
You were not hungry.

You visited 1 branch of the dungeon, and saw 4 of its levels.

You collected 161 gold pieces.

Inventory:

Hand weapons
 a - a +0 short sword
 b - a +1 shortbow (weapon)
Missiles
 c - 9 arrows (quivered)
 s - 63 stones
Armour
 d - a +0 leather armour (worn)
Comestibles
 f - 6 bread rations
 i - a meat ration
 m - a slice of pizza
 w - 3 rotting chunks of orc flesh
Scrolls
 h - a scroll of random uselessness {unknown}
 j - 2 scrolls of teleportation {unknown}
 l - a scroll of enchant armour {unknown}
 o - 3 scrolls of immolation {unknown}
 q - a scroll of recharging {unknown}
 r - a scroll of noise {unknown}
 t - a scroll of enchant weapon {unknown}
 u - a scroll of blinking {unknown}
 v - a scroll of remove curse {unknown}
Potions
 e - a potion of haste {unknown}
 g - a potion of heal wounds {unknown}
 k - a potion of agility {unknown}
 x - a potion of porridge


   Skills:
 + Level 1.8 Fighting
 + Level 6.5 Bows
 + Level 2.5 Throwing
 + Level 2.1 Dodging
 - Level 0.5 Stealth


You had 3 spell levels left.
You didn't know any spells.

Dungeon Overview and Level Annotations

Branches:
Dungeon (4/15)
 Temple: D:4-7

Altars:
Dithmenos

Annotations:
D:3 !JESSICA, 14 exclusions, Jessica
D:4 Prince Ribbit


Innate Abilities, Weirdness & Mutations

You have hooves in place of feet.
Armour fits poorly on your strangely shaped body.
You cover ground very quickly.
You have extremely tough skin (AC +3).


Message History

You shoot an arrow. The arrow misses Prince Ribbit.
Prince Ribbit hits you.
Firing (i - inventory. (,) - cycle):
c - 12 arrows (quivered)
Press: ? - help, Shift-Dir - straight line, f/p - Prince Ribbit
Aim: Prince Ribbit (heavily wounded)
You shoot an arrow. The arrow misses Prince Ribbit.
Prince Ribbit hits you!
Prince Ribbit hits you but does no damage.
Firing (i - inventory. (,) - cycle):
c - 11 arrows (quivered)
Press: ? - help, Shift-Dir - straight line, f/p - Prince Ribbit
Aim: Prince Ribbit (heavily wounded)
You shoot an arrow. The arrow hits Prince Ribbit!
Prince Ribbit is severely wounded.
Prince Ribbit hits you!
* * * LOW HITPOINT WARNING * * *
Firing (i - inventory. (,) - cycle):
c - 10 arrows (quivered)
Press: ? - help, Shift-Dir - straight line, f/p - Prince Ribbit
Aim: Prince Ribbit (severely wounded)
You shoot an arrow. The arrow hits Prince Ribbit.
Prince Ribbit is almost dead.
Prince Ribbit hits you.
You die...

#.#.#.#......#
#.#.#....###.#
#.#.#....# #.#
#.#.###..# #.#
####.#......###.#
.................#
####.##.........#
#.##.##......#
#(.F@.#......#
#.......#......#
#(.(.(..#......#
#.......#......#
#(......#......#
#..((.(.#......#
########......#
#......# ########


You could see Prince Ribbit.

Vanquished Creatures
  4 adders
  A giant mite (D:2)
  2 worms (D:2)
  3 giant geckos
  3 orcs
  9 bats
  3 giant cockroaches
  4 hobgoblins
  8 jackals
  7 kobolds
  A ball python (D:1)
  A giant newt (D:1)
  4 goblins
  A kobold zombie (D:3)
  4 rats
55 creatures vanquished.

Notes
Turn   | Place    | Note
--------------------------------------------------------------
     0 | D:1      | Deathcrow, the Centaur Hunter, began the quest for the Orb.
     0 | D:1      | Reached XP level 1. HP: 16/16 MP: 1/1
   326 | D:1      | Reached XP level 2. HP: 11/23 MP: 2/2
   862 | D:2      | Reached skill level 6 in Bows
   870 | D:2      | Reached skill level 1 in Throwing
   878 | D:2      | Reached XP level 3. HP: 28/28 MP: 3/3
  1078 | D:2      | Found a shadowy altar of Dithmenos.
  1457 | D:2      | Reached XP level 4. HP: 35/35 MP: 3/3
  2131 | D:3      | Noticed Jessica
  2846 | D:4      | Noticed Prince Ribbit
  2862 | D:4      | Slain by Prince Ribbit

Action                   |  1- 3 |  4- 6 || total
-------------------------+-------+-------++-------
 Fire: Shortbow          |    68 |    81 ||   149
Throw: Tomahawk          |    44 |    20 ||    64
       Stone             |       |    14 ||    14
  Eat: Chunk             |     1 |     3 ||     4
